 Dungeon Crawl Stone Soup version 0.31-a0-618-g7ca08c1ff9 (webtiles) character file.

Game seed: 9232342961721536737

2505 cforsyth the Prestidigitator (level 9, 0/68 HPs)
             Began as a Gnoll Artificer on Aug 22, 2023.
             Slain by a two-headed ogre
             ... wielding a +0 dire flail
              (10 damage)
             ... on level 8 of the Dungeon on Aug 23, 2023.
             The game lasted 00:14:27 (6860 turns).

cforsyth the Prestidigitator (Gnoll Artificer)      Turns: 6860, Time: 00:14:27

Health: 0/68       AC: 21    Str: 12    XL:     9   Next: 53%
Magic:  15/15      EV:  8    Int: 14    God:
Gold:   341        SH:  0    Dex: 13    Spells: 16/16 levels left

rFire   . . .        E - +3 dire flail (protect)
rCold   + . .        (shield currently unavailable)
rNeg    . . .        s - +0 chain mail
rPois   .            i - +0 helmet
rElec   .            h - scarf {shadows}
rCorr   +            F - +2 pair of gloves
SInv    .            (no boots)
Will    .....        p - amulet of regeneration Stlth
                     v - ring of resist corrosion
HPRegen 1.11/turn    A - ring of protection from cold
MPRegen 0.14/turn

%: no passive effects
@: under a protective aura
A: fangs 1, strong nose, distributed training
a: no special abilities


You were on level 8 of the Dungeon.
You visited 2 branches of the dungeon, and saw 9 of its levels.

You collected 341 gold pieces.

Inventory:

Hand Weapons
 a - a +0 club
 x - a +3 hand axe
 E - a +3 dire flail of protection (weapon)
 J - a +3 short sword of freezing
Missiles
 j - 4 atropa-tipped darts
 o - 9 poisoned darts
 t - a throwing net
Armour
 b - a +0 leather armour
 h - a scarf of shadows (worn)
 i - a +0 helmet (worn)
 s - a +0 chain mail (worn)
 F - a +2 pair of gloves (worn)
Jewellery
 p - an amulet of regeneration (around neck)
 v - a ring of resist corrosion (left hand)
 A - a ring of protection from cold (right hand)
 B - an amulet of magic regeneration
Wands
 d - a wand of charming (8)
 e - a wand of flame (3)
Scrolls
 c - a scroll of poison {unknown}
 g - 2 scrolls of amnesia {unknown}
 l - 3 scrolls of noise {unknown}
 m - 4 scrolls of identify {unknown}
 n - a scroll of fog {unknown}
 r - 2 scrolls of immolation {unknown}
 w - a scroll of vulnerability {unknown}
 y - 2 scrolls of teleportation {unknown}
 G - a scroll of blinking {unknown}
 H - a scroll of brand weapon {unknown}
 I - a scroll of revelation {unknown}
Potions
 f - a potion of degeneration {unknown}
 k - 2 potions of heal wounds {unknown}
 q - a potion of attraction {unknown}
 u - a potion of brilliance {unknown}
 z - a potion of curing {unknown}
 C - 2 potions of invisibility {unknown}
 D - a potion of mutation {unknown}
 K - 2 potions of lignification {unknown}


   Skills:
 + Level 5.2 Fighting
 + Level 4.4 Short Blades
 + Level 4.4 Long Blades
 + Level 4.4 Axes
 + Level 4.4 Maces & Flails
 + Level 4.4 Polearms
 + Level 4.4 Staves
 + Level 4.4 Ranged Weapons
 + Level 4.4 Throwing
 + Level 6.4 Armour
 + Level 5.2 Dodging
 + Level 5.1 Stealth
 + Level 4.4 Shields
 + Level 4.4 Unarmed Combat
 + Level 4.4 Spellcasting
 + Level 3.6 Conjurations
 + Level 3.6 Hexes
 + Level 3.6 Summonings
 + Level 3.6 Necromancy
 + Level 3.6 Translocations
 + Level 3.6 Transmutations
 + Level 3.6 Fire Magic
 + Level 3.6 Ice Magic
 + Level 3.6 Air Magic
 + Level 3.6 Earth Magic
 + Level 3.6 Poison Magic
 + Level 4.9 Invocations
 + Level 8.0 Evocations
 + Level 4.0 Shapeshifting


You had 16 spell levels left.
You didn't know any spells.
Your spell library contained the following spells:

 Spells                   Type           Power      Damage    Failure   Level
 Sublimation of Blood     Necr           13%        N/A       75%         2
 Wereblood                Tmut           13%        N/A       75%         2
 Stone Arrow              Conj/Erth      26%        3d8       92%         3
 Animate Armour           Summ/Erth      26%        N/A       100%        4
 Summon Hydra             Summ           6%         N/A       100%        7
 Lehudib's Crystal Spear  Conj/Erth      6%         10d3      100%        8


Dungeon Overview and Level Annotations

Branches:
Dungeon (8/15)             Temple (1/1) D:6
   Lair: D:8-11

Altars:
Dithmenos
Elyvilon
Fedhas
Hepliaklqana
Makhleb
Nemelex Xobeh
Okawaru
Qazlal
Ru
Trog
Uskayaw
Wu Jian
Xom
Zin

Shops:
D:5 =   D:6 ?

Annotations:
D:4 Menkaure


Innate Abilities, Weirdness & Mutations

You have very sharp teeth.
Your uncanny sense of smell can sniff out nearby items.
Your experience applies equally to all skills.


Message History

Things that are here:
a +0 great sword; a +0 robe You now have 341 gold pieces (gained 13).
You see here a +0 robe.
A wyvern comes into view.
The wyvern hisses angrily.
A two-headed ogre comes into view.
It is wielding a +0 dire flail and a +0 giant club.
The two-headed ogre shouts in stereo!
The wyvern bites you.
The wyvern bites you but does no damage.
You closely miss the wyvern. The wyvern barely misses you.
You hit the wyvern.
Your weapon exudes an aura of protection.
The wyvern is moderately wounded.
The wyvern bites you!
The wyvern bites you but does no damage.
You sock the wyvern!
The wyvern is severely wounded.
The wyvern barely misses you.
A wight comes into view. It is wielding a +3 battleaxe.
The two-headed ogre hits you with a +0 dire flail!
The two-headed ogre hits you with a +0 giant club.
You closely miss the wyvern.
The wyvern is severely wounded.
The wyvern bites you! The wyvern closely misses you.
You are too injured to fight recklessly!
You are too injured to fight recklessly!
Unknown command.
Unknown command.
Unknown command.
Aiming: Charm
Press: ? - help, Shift-Dir - straight line, f - two-headed ogre
Aim: a two-headed ogre, wielding a +0 dire flail and a +0 giant club (chance to affect: 50%)
The two-headed ogre resists with some effort.
The wyvern bites you!
* * * LOW HITPOINT WARNING * * *
The two-headed ogre hits you with a +0 dire flail!
* * * LOW HITPOINT WARNING * * *
The two-headed ogre hits you with a +0 giant club!
You die...

.........##~~~..S..~~...
.........# ..~..~..
.........# .⌠~..~..
........## .~⌠.~...
#.......# .~..~..~
#..#...#### ~..~..~~
####....#.# ...~..~.
#..#.....## ....~~..
.......@.z.#
.....~Ol......
.....~.~......
....~........
.............
.#####....... #.......


You could see a two-headed ogre, a wyvern and a wight.

Vanquished Creatures
  A two-headed ogre (D:6)
  Grinder (D:5)
  Edmund (D:6)
  2 ice beasts
  An orc warrior (D:8)
  An ogre (D:7)
  2 bullfrogs
  3 scorpions
  3 wights (D:8)
  A howler monkey (D:5)
  6 hounds
  A jelly (D:8)
  A gnoll bouda (D:7)
  2 sleepcaps
  Ijyb (D:5)
  2 iguanas
  An orc wizard (D:5)
  10 gnolls
  5 adders
  A shadow imp (D:6)
  A worm (D:2)
  4 orcs
  6 endoplasms
  A giant cockroach (D:1)
  3 goblins
  7 hobgoblins
  4 ball pythons
  3 bats
  2 frilled lizards
  3 kobolds
  5 rats
85 creatures vanquished.

Vanquished Creatures (collateral kills)
  2 wights (D:8)
  A gnoll (D:8)
  4 orcs (D:8)
7 creatures vanquished.

Vanquished Creatures (others)
  A hornet (D:8)
1 creature vanquished.

Grand Total: 93 creatures vanquished

Notes
Turn   | Place    | Note
-------+----------+-------------------------------------------
     0 | D:1      | cforsyth the Gnoll Artificer began the quest for the Orb.
     0 | D:1      | Reached XP level 1. HP: 17/17 MP: 1/1
   482 | D:1      | Reached XP level 2. HP: 21/23 MP: 2/2
  1101 | D:2      | Reached XP level 3. HP: 27/28 MP: 3/3
  1524 | D:2      | Reached skill level 1 in Invocations
  2104 | D:3      | Reached skill level 1 in Short Blades
  2104 | D:3      | Reached skill level 1 in Long Blades
  2104 | D:3      | Reached skill level 1 in Axes
  2104 | D:3      | Reached skill level 1 in Maces & Flails
  2104 | D:3      | Reached skill level 1 in Polearms
  2104 | D:3      | Reached skill level 1 in Staves
  2104 | D:3      | Reached skill level 1 in Ranged Weapons
  2104 | D:3      | Reached skill level 1 in Throwing
  2104 | D:3      | Reached skill level 1 in Shields
  2104 | D:3      | Reached skill level 1 in Unarmed Combat
  2104 | D:3      | Reached skill level 1 in Spellcasting
  2443 | D:3      | Found a white marble altar of Elyvilon.
  2508 | D:3      | Reached skill level 1 in Shapeshifting
  2508 | D:3      | Reached XP level 4. HP: 34/34 MP: 5/5
  2584 | D:3      | Reached skill level 1 in Conjurations
  2584 | D:3      | Reached skill level 1 in Hexes
  2584 | D:3      | Reached skill level 1 in Summonings
  2584 | D:3      | Reached skill level 1 in Necromancy
  2584 | D:3      | Reached skill level 1 in Translocations
  2584 | D:3      | Reached skill level 1 in Transmutations
  2584 | D:3      | Reached skill level 1 in Fire Magic
  2584 | D:3      | Reached skill level 1 in Ice Magic
  2584 | D:3      | Reached skill level 1 in Air Magic
  2584 | D:3      | Reached skill level 1 in Earth Magic
  2584 | D:3      | Reached skill level 1 in Poison Magic
  2988 | D:4      | Noticed a scorpion
  3188 | D:4      | Reached XP level 5. HP: 18/40 MP: 5/7
  3699 | D:4      | Noticed Menkaure
  4004 | D:4      | Found a glowing silver altar of Zin.
  4439 | D:5      | Entered Level 5 of the Dungeon
  4468 | D:5      | Noticed Ijyb
  4471 | D:5      | Killed Ijyb
  4472 | D:5      | Reached XP level 6. HP: 41/47 MP: 8/8
  4489 | D:5      | Reached skill level 5 in Armour
  4499 | D:5      | Noticed an ice beast
  4507 | D:5      | Killed an ice beast
  4696 | D:5      | Reached skill level 7 in Evocations
  4696 | D:5      | Reached XP level 7. HP: 43/52 MP: 10/10
  4930 | D:5      | Noticed Grinder
  4939 | D:5      | Killed Grinder
  5082 | D:5      | Reached XP level 8. HP: 45/60 MP: 12/12
  5267 | D:5      | Found Xoqoap's Jewellery Shop.
  5439 | D:6      | Found a staircase to the Ecumenical Temple.
  5444 | Temple   | Entered the Ecumenical Temple
  5592 | D:6      | Found a blossoming altar of Fedhas.
  5598 | D:6      | Found a stormy altar of Qazlal.
  5645 | D:6      | Noticed a two-headed ogre
  5648 | D:6      | Killed a two-headed ogre
  5788 | D:6      | Reached XP level 9. HP: 15/66 MP: 14/14
  5910 | D:6      | Found Usyenal's Magic Scroll Boutique.
  6021 | D:6      | Noticed Edmund
  6025 | D:6      | Killed Edmund
  6319 | D:7      | Found an ornate altar of the Wu Jian Council.
  6355 | D:7      | Found a hazy altar of Hepliaklqana.
  6533 | D:7      | Noticed a hornet
  6580 | D:8      | Found a hide-covered altar of Uskayaw.
  6582 | D:8      | Found an iron altar of Okawaru.
  6611 | D:8      | Reached skill level 5 in Fighting
  6611 | D:8      | Reached skill level 5 in Dodging
  6692 | D:8      | Reached skill level 5 in Stealth
  6752 | D:8      | Reached skill level 8 in Evocations
  6854 | D:8      | Noticed a two-headed ogre
  6860 | D:8      | Slain by a two-headed ogre

Illustrated notes

Levels and vault maps discovered:
D:1:      erik_arrival_orb_chamber, layout_loops_ring
D:2:      layout_loops_ring
D:3:      layout_loops_ring, lemuel_round_altar, minivault_11
D:4:      layout_rooms, pdpol_temple_overflow_zin_treasury_gozag_greed, tgw_sif,
          chequers_temple_overflow_minitemple, minmay_misc_feat_enclosed,
          hangedman_decor_slide_cut, corexii_hall_statues_t,
          minmay_pentomino_pile, uniq_menkaure
D:5:      layout_rooms, serial_shops, shop, amcnicky_mini_corridor_feature,
          nicolae_elevator_lobby_asterisk, uniq_ijyb, uniq_grinder
D:6:      layout_basic, grunt_temple_overflow_forces_of_nature, temple_statues,
          serial_shops, nicolae_shop_pleasant_corner_grove, uniq_edmund
D:7:      layout_loops_ring, general_overflow_altar, nzn_hepliaklqana_mist_gate,
          gammafunk_temple_overflow_elements, nicolae_wu_jian_wuxing_cycle,
          ebering_ghost_gozag
D:8:      cheibrodos_helix_gallery, layout_cave_pools,
          mainiacjoe_overflow_catwalk_spiral, serial_rivers,
          chequers_serial_rivers_micro_c, chequers_serial_rivers_micro_d,
          chequers_serial_rivers_micro_c, chequers_serial_rivers_small_3,
          hellmonk_guarded_unrand_sphere_of_battle
Temple:   nicolae_temple_bog_church

Skill      XL: |  1  2  3  4  5  6  7  8  9 |
---------------+----------------------------+-----
Invocations    | 1 2 3 4 |  4.9
Short Blades   | 1 2 3 4 |  4.4
Long Blades    | 1 2 3 4 |  4.4
Axes           | 1 2 3 4 |  4.4
Maces & Flails | 1 2 3 4 |  4.4
Polearms       | 1 2 3 4 |  4.4
Staves         | 1 2 3 4 |  4.4
Ranged Weapons | 1 2 3 4 |  4.4
Throwing       | 1 2 3 4 |  4.4
Shields        | 1 2 3 4 |  4.4
Unarmed Combat | 1 2 3 4 |  4.4
Spellcasting   | 1 2 3 4 |  4.4
Shapeshifting  | 1 2 3 4 |  4.0
Conjurations   | 1 2 3 |  3.6
Hexes          | 1 2 3 |  3.6
Summonings     | 1 2 3 |  3.6
Necromancy     | 1 2 3 |  3.6
Translocations | 1 2 3 |  3.6
Transmutations | 1 2 3 |  3.6
Fire Magic     | 1 2 3 |  3.6
Ice Magic      | 1 2 3 |  3.6
Air Magic      | 1 2 3 |  3.6
Earth Magic    | 1 2 3 |  3.6
Poison Magic   | 1 2 3 |  3.6
Fighting       | 3 4 5 |  5.2
Dodging        | 3 4 5 |  5.2
Stealth        | 3 4 5 |  5.1
Armour         | 5 6 |  6.4
Evocations     | 7 8 |  8.0

Action                     |  1- 3 |  4- 6 |  7- 9 || total
---------------------------+-------+-------+-------++-------
  Melee: Club              |   172 |    57 |       ||   229
         Bite              |    20 |    14 |    27 ||    61
         Hand axe          |       |    48 |   127 ||   175
         Punch             |       |     1 |     4 ||     5
         Dire flail        |       |       |    84 ||    84
  Throw: Dart              |     2 |       |       ||     2
  Evoke: Wand              |     6 |    20 |    25 ||    51
   Stab: Sleeping          |     5 |       |       ||     5
 Armour: Leather armour    |    54 |       |       ||    54
         Chain mail        |       |    94 |   131 ||   225
  Dodge: Dodged            |   110 |    46 |   100 ||   256

Table legend: (Time is in decaauts)
 A = Elapsed time spent in this place.
 B = Non-inter-level travel time spent in this place.
 C = Inter-level travel time spent in this place.
 D = Time resting spent in this place.
 E = Time spent auto-exploring this place.
 F = Levels seen in this place.
 G = Mean time per level.
                   A        B        C        D        E       F      G
               +--------+--------+--------+--------+--------+-----+--------+
         Total |   6964 |   6512 |    452 |   1043 |   3960 |   9 |  773.8 |
       Dungeon |   6962 |   6510 |    452 |   1043 |   3960 |   8 |  870.2 |
        Temple |      1 |      1 |      0 |      0 |      0 |   1 |    1.0 |
               +--------+--------+--------+--------+--------+-----+--------+

Top non-repeatable levels by time:
     D:3: 1958 daAuts
     D:1: 1153 daAuts
     D:6: 885 daAuts
     D:2: 812 daAuts
     D:5: 810 daAuts
     D:4: 728 daAuts
     D:8: 317 daAuts
     D:7: 296 daAuts
  Temple: 1 daAuts
